MLB
TEXAS RANGERS @ CALIFORNIA ANGELS
08/11/2046
 
TOP OF THE 1ST
Texas Rangers batting - Pitching for California Angels : RHP Gus Morante
Pitching: RHP Gus Morante
Batting: LHB Sean Geisler 0-0: DOUBLE (Groundball, 3L, EV 110.6 MPH)
Batting: SHB John Giesbrecht 0-0: Called Strike
0-1: DOUBLE (Line Drive, 8LXD, EV 108.8 MPH)
Sean Geisler scores
Batting: RHB Bobby Ayala 0-0: Ball
1-0: Ball
2-0: Foul Ball, location: 2F
2-1: Ball
3-1: DOUBLE (Line Drive, 78M, EV 109.4 MPH)
John Giesbrecht scores
Batting: SHB Jun Tsuda 0-0: Ball
1-0: Swinging Strike
1-1: Ball
2-1: SINGLE (Groundball, 6M, EV 95.6 MPH)
Bobby Ayala to third
Runner from 3rd tries for Home, SAFE, throw by CF to home
Batting: SHB Moe Lester 0-0: Ball
1-0: Ball
2-0: Ball
3-0: Called Strike
3-1: SINGLE (Line Drive, 3D, EV 96.9 MPH)
Jun Tsuda to second
Runner from 2nd tries for 3rd, SAFE, throw by RF made to third
Batting: LHB Cody Schumacher 0-0: Called Strike
0-1: Ball
1-1: Grounds into double play, 4-6-3 (Groundball, 4, EV 78.8 MPH)
Jun Tsuda scores
Batting: SHB Tze-meng Gan 0-0: Ball
1-0: SINGLE (Groundball, 4M, EV 106.9 MPH) (infield hit)
Batting: LHB Andy Bowman 0-0: Called Strike
Tze-meng Gan steals 2nd base
0-1: Foul Ball, location: 2F
0-2: SINGLE (Groundball, 4MD, EV 105.6 MPH)
Tze-meng Gan to third
Runner from 3rd tries for Home, SAFE, throw by CF to home
Batting: RHB Jerry Jauregui 0-0: Ball
1-0: Ball
2-0: Called Strike
2-1: Called Strike
2-2: Strikes out swinging
Top of the 1st over - 5 runs, 7 hits, 0 errors, 1 left on base; Texas 5 - California 0
BOTTOM OF THE 1ST
California Angels batting - Pitching for Texas Rangers : RHP Pimbly Nimblebottom
Pitching: RHP Pimbly Nimblebottom
Batting: RHB Nick Dunn 0-0: Ball
1-0: Ground out 4-3 (Groundball, 4M, EV 106.9 MPH)
Batting: RHB Preston Deakyne 0-0: Ball
1-0: Swinging Strike
1-1: Ball
2-1: Foul Ball, location: 2F
2-2: Ball
3-2: Foul Ball, location: 2F
3-2: Base on Balls
Batting: RHB Bjoern Waltersson 0-0: Ball
Preston Deakyne steals 2nd base
1-0: Foul Ball, location: 2F
1-1: Called Strike
1-2: Foul Ball, location: 2F
1-2: SINGLE (Groundball, 6MD, EV 108.8 MPH)
Preston Deakyne to third
Runner from 3rd tries for Home, SAFE, throw by CF to home
Batting: SHB Mario Padron 0-0: Grounds into double play, U6-3 (Groundball, 4M, EV 84.4 MPH)
Bottom of the 1st over - 1 run, 1 hit, 0 errors, 0 left on base; Texas 5 - California 1
TOP OF THE 2ND
Texas Rangers batting - Pitching for California Angels : RHP Gus Morante
Batting: LHB Sean Geisler 0-0: Called Strike
0-1: Ball
1-1: SOLO HOME RUN (Flyball, 9D, EV 98.8 MPH), Distance : 372 ft
Batting: SHB John Giesbrecht 0-0: Ball
1-0: Ground out U3 (Groundball, 34, EV 82.5 MPH)
Batting: RHB Bobby Ayala 0-0: Ball
1-0: Called Strike
1-1: Ball
2-1: Fly out, F8 (Line Drive, 8RD, EV 95.0 MPH)
Batting: SHB Jun Tsuda 0-0: Called Strike
0-1: Called Strike
0-2: Foul Ball, location: 2F
0-2: Ball
1-2: Foul Ball, location: 2F
1-2: SINGLE (Groundball, 34D, EV 107.5 MPH)
Pitching: RHP Mike Tallerico
Batting: SHB Moe Lester 0-0: Ball
1-0: Swinging Strike
1-1: Ground out 6-3 (Groundball, P, EV 93.1 MPH)
Top of the 2nd over - 1 run, 2 hits, 0 errors, 1 left on base; Texas 6 - California 1
BOTTOM OF THE 2ND
California Angels batting - Pitching for Texas Rangers : RHP Pimbly Nimblebottom
Batting: LHB Micah Miller 0-0: Called Strike
0-1: Ball
1-1: Fly out, F4 (Line Drive, 4, EV 60.6 MPH)
Batting: RHB Jasper Burd 0-0: Called Strike
0-1: Foul Ball, location: 2F
0-2: Ball
1-2: Strikes out swinging
Batting: RHB Mike Harkins 0-0: Called Strike
0-1: Ball
1-1: Ball
2-1: Swinging Strike
2-2: Foul Ball, location: 2F
2-2: Fly out, F9 (Flyball, 89S, EV 88.8 MPH)
Bottom of the 2nd over - 0 runs, 0 hits, 0 errors, 0 left on base; Texas 6 - California 1
TOP OF THE 3RD
Texas Rangers batting - Pitching for California Angels : RHP Mike Tallerico
Batting: LHB Cody Schumacher 0-0: Ball
1-0: Swinging Strike
1-1: DOUBLE (Line Drive, 78D, EV 104.4 MPH)
Batting: SHB Tze-meng Gan 0-0: Swinging Strike
0-1: Called Strike
0-2: Ball
1-2: Strikes out looking
Batting: LHB Andy Bowman 0-0: Called Strike
Cody Schumacher steals 3rd base
0-1: Swinging Strike
0-2: Foul Ball, location: 2F
0-2: Strikes out swinging
Batting: RHB Jerry Jauregui 0-0: Ball
1-0: Ball
2-0: Ground out 3-1 (Groundball, 34, EV 106.2 MPH)
Top of the 3rd over - 0 runs, 1 hit, 0 errors, 1 left on base; Texas 6 - California 1
BOTTOM OF THE 3RD
California Angels batting - Pitching for Texas Rangers : RHP Pimbly Nimblebottom
Batting: RHB Danny Odom 0-0: Swinging Strike
0-1: Foul Ball, location: 2F
0-2: Foul Ball, location: 2F
0-2: Foul Ball, location: 2F
0-2: Ball
1-2: SINGLE (Groundball, 4D, EV 106.9 MPH)
Batting: LHB Jack Bell 0-0: Called Strike
Danny Odom steals 2nd base
0-1: Swinging Strike
0-2: Ground out 6-3 (Groundball, 6, EV 100.0 MPH)
Batting: RHB Nick Dunn 0-0: Ball
1-0: Ball
2-0: Ball
3-0: Base on Balls
Batting: RHB Preston Deakyne 0-0: Ball
1-0: Ball
2-0: Called Strike
2-1: SINGLE (Groundball, 56S, EV 65.6 MPH) (infield hit)
Danny Odom to third
Nick Dunn to second
Batting: RHB Bjoern Waltersson 0-0: Foul Ball, location: 2F
0-1: Ball
1-1: Swinging Strike
1-2: Strikes out swinging
Batting: SHB Mario Padron 0-0: Called Strike
0-1: Called Strike
0-2: Ball
1-2: Ball
2-2: Ball
3-2: Hit by Pitch
Danny Odom scores
Nick Dunn to third
Preston Deakyne to second
Batting: LHB Micah Miller 0-0: Called Strike
0-1: Called Strike
0-2: Ball
1-2: Strikes out swinging
Bottom of the 3rd over - 1 run, 2 hits, 0 errors, 3 left on base; Texas 6 - California 2
TOP OF THE 4TH
Texas Rangers batting - Pitching for California Angels : RHP Mike Tallerico
Batting: LHB Sean Geisler 0-0: Ball
1-0: Ball
2-0: Ball
3-0: Base on Balls
Batting: SHB John Giesbrecht 0-0: Called Strike
Sean Geisler steals 2nd base
0-1: Foul Ball, location: 2F
0-2: Foul Ball, location: 2F
0-2: Ball
1-2: SINGLE (Groundball, 56D, EV 96.9 MPH)
Sean Geisler to third
Runner from 3rd tries for Home, SAFE, throw by LF to home
Batting: RHB Bobby Ayala 0-0: Grounds into double play, 6-4-3 (Groundball, 6, EV 91.9 MPH)
Batting: SHB Jun Tsuda 0-0: Ball
1-0: Ball
2-0: Swinging Strike
2-1: Foul Ball, location: 2F
2-2: Strikes out swinging
Top of the 4th over - 1 run, 1 hit, 0 errors, 0 left on base; Texas 7 - California 2
BOTTOM OF THE 4TH
California Angels batting - Pitching for Texas Rangers : RHP Pimbly Nimblebottom
Batting: RHB Jasper Burd 0-0: SOLO HOME RUN (Flyball, 78XD, EV 108.1 MPH), Distance : 408 ft
Batting: RHB Mike Harkins 0-0: DOUBLE (Flyball, 8LXD, EV 106.9 MPH)
Batting: RHB Danny Odom 0-0: Foul Ball, location: 2F
0-1: Ball
1-1: SINGLE (Line Drive, 6D, EV 99.4 MPH)
Mike Harkins to third
Batting: LHB Jack Bell 0-0: SINGLE (Line Drive, 8RS, EV 100.0 MPH)
Mike Harkins scores
Danny Odom to second
Batting: RHB Nick Dunn 0-0: Ball
1-0: Ball
2-0: Called Strike
2-1: Fielders Choice at 2nd, 2-6 (Groundball, 13S, EV 74.4 MPH)
Danny Odom to third
Batting: RHB Preston Deakyne 0-0: Called Strike
0-1: Foul Ball, location: 2F
0-2: Grounds into double play, 5-4-3 (Groundball, 56, EV 105.6 MPH)
Bottom of the 4th over - 2 runs, 4 hits, 0 errors, 1 left on base; Texas 7 - California 4
TOP OF THE 5TH
Texas Rangers batting - Pitching for California Angels : RHP Mike Tallerico
Batting: SHB Moe Lester 0-0: Foul Ball, location: 2F
0-1: Foul Ball, location: 2F
0-2: Ball
1-2: Fly out, F8 (Line Drive, 8RD, EV 95.0 MPH)
Batting: LHB Cody Schumacher 0-0: SOLO HOME RUN (Flyball, 9LD, EV 96.9 MPH), Distance : 377 ft
Batting: SHB Tze-meng Gan 0-0: Ball
1-0: Foul Ball, location: 2F
1-1: Ball
2-1: Swinging Strike
2-2: Strikes out swinging
Batting: LHB Andy Bowman 0-0: Called Strike
0-1: Fly out, F4 (Popup, 4S, EV 73.8 MPH)
Top of the 5th over - 1 run, 1 hit, 0 errors, 0 left on base; Texas 8 - California 4
BOTTOM OF THE 5TH
California Angels batting - Pitching for Texas Rangers : RHP Pimbly Nimblebottom
Batting: RHB Bjoern Waltersson 0-0: Swinging Strike
0-1: Ball
1-1: Called Strike
1-2: Strikes out looking
Batting: SHB Mario Padron 0-0: Ground out 6-3 (Groundball, 4M, EV 111.9 MPH)
Batting: LHB Micah Miller 0-0: Ball
1-0: Ball
2-0: Ball
3-0: Called Strike
3-1: Called Strike
3-2: Fly out, F8 (Flyball, 8RD, EV 102.5 MPH)
Bottom of the 5th over - 0 runs, 0 hits, 0 errors, 0 left on base; Texas 8 - California 4
TOP OF THE 6TH
Texas Rangers batting - Pitching for California Angels : RHP Mike Tallerico
Pitching: RHP Nick Madrid
Batting: RHB Jerry Jauregui 0-0: Ball
1-0: Ball
2-0: Foul Ball, location: 2F
2-1: Ground out 3-1 (Groundball, 34, EV 85.0 MPH)
Batting: LHB Sean Geisler 0-0: SINGLE (Line Drive, 4D, EV 108.1 MPH)
Batting: SHB John Giesbrecht 0-0: Called Strike
Sean Geisler is caught stealing 2nd base 2-6
0-1: Ball
1-1: Foul Ball, location: 2F
1-2: Foul Ball, location: 2F
1-2: Strikes out swinging
Top of the 6th over - 0 runs, 1 hit, 0 errors, 0 left on base; Texas 8 - California 4
BOTTOM OF THE 6TH
California Angels batting - Pitching for Texas Rangers : RHP Pimbly Nimblebottom
Batting: RHB Jasper Burd 0-0: Foul Ball, location: 2F
0-1: Ball
1-1: Called Strike
1-2: Strikes out swinging
Batting: RHB Mike Harkins 0-0: Ground out 4-3 (Groundball, 4, EV 101.9 MPH)
Batting: RHB Danny Odom 0-0: Fly out, F9 (Flyball, 9, EV 86.9 MPH)
Bottom of the 6th over - 0 runs, 0 hits, 0 errors, 0 left on base; Texas 8 - California 4
TOP OF THE 7TH
Texas Rangers batting - Pitching for California Angels : RHP Nick Madrid
Batting: RHB Bobby Ayala 0-0: Ball
1-0: Ball
2-0: Ball
3-0: Base on Balls
Batting: SHB Jun Tsuda 0-0: Called Strike
0-1: Ball
1-1: Ball
2-1: Ball
3-1: Called Strike
3-2: Foul Ball, location: 2F
3-2: Ground out 6-3 (Groundball, 6, EV 87.5 MPH)
Bobby Ayala to second
Batting: SHB Moe Lester 0-0: Ball
1-0: 2-RUN HOME RUN (Flyball, 8LXD, EV 103.1 MPH), Distance : 405 ft
Batting: LHB Cody Schumacher 0-0: Foul Ball, location: 2F
0-1: Ball
1-1: Swinging Strike
1-2: Strikes out swinging
Batting: SHB Tze-meng Gan 0-0: Ground out 6-3 (Groundball, 6, EV 89.4 MPH)
Top of the 7th over - 2 runs, 1 hit, 0 errors, 0 left on base; Texas 10 - California 4
BOTTOM OF THE 7TH
California Angels batting - Pitching for Texas Rangers : RHP Pimbly Nimblebottom
Batting: LHB Jack Bell 0-0: Ball
1-0: Ball
2-0: Ground out 6-3 (Groundball, 6, EV 88.1 MPH)
Batting: RHB Nick Dunn 0-0: Called Strike
0-1: Fly out, F8 (Flyball, 8LM, EV 82.5 MPH)
Batting: RHB Preston Deakyne 0-0: Ball
1-0: Ball
2-0: Called Strike
2-1: Ball
3-1: Called Strike
3-2: Foul Ball, location: 2F
3-2: Foul Ball, location: 2F
3-2: Ground out U3 (Groundball, 34S, EV 91.9 MPH)
Bottom of the 7th over - 0 runs, 0 hits, 0 errors, 0 left on base; Texas 10 - California 4
TOP OF THE 8TH
Texas Rangers batting - Pitching for California Angels : RHP Nick Madrid
Batting: LHB Andy Bowman 0-0: Foul Ball, location: 2F
0-1: Called Strike
0-2: Foul Ball, location: 2F
0-2: Ground out 6-3 (Groundball, 6, EV 102.5 MPH)
Batting: RHB Jerry Jauregui 0-0: Fly out, F8 (Flyball, 8LS, EV 91.2 MPH)
Batting: LHB Sean Geisler 0-0: Called Strike
0-1: SOLO HOME RUN (Line Drive, 9LD, EV 97.5 MPH), Distance : 355 ft
Pitching: RHP Eric Cunningham
Batting: SHB John Giesbrecht 0-0: Called Strike
0-1: Ball
1-1: Ball
2-1: Called Strike
2-2: Fly out, F8 (Line Drive, 8RM, EV 97.5 MPH)
Top of the 8th over - 1 run, 1 hit, 0 errors, 0 left on base; Texas 11 - California 4
BOTTOM OF THE 8TH
California Angels batting - Pitching for Texas Rangers : RHP Pimbly Nimblebottom
Batting: RHB Bjoern Waltersson 0-0: Called Strike
0-1: Ball
1-1: Called Strike
1-2: Ball
2-2: Ball
3-2: Foul Ball, location: 2F
3-2: Ground out 6-3 (Groundball, 56, EV 101.9 MPH)
Pitching: RHP Hector Aguado
Batting: SHB Mario Padron 0-0: Ball
1-0: Fly out, F6 (Flyball, 56D, EV 88.8 MPH)
Batting: LHB Micah Miller 0-0: Swinging Strike
0-1: Ball
1-1: Fly out, F7 (Flyball, 7S, EV 80.0 MPH)
Bottom of the 8th over - 0 runs, 0 hits, 0 errors, 0 left on base; Texas 11 - California 4
TOP OF THE 9TH
Texas Rangers batting - Pitching for California Angels : RHP Eric Cunningham
Batting: RHB Bobby Ayala 0-0: Called Strike
0-1: Ground out 6-3 (Groundball, 56, EV 105.6 MPH)
Batting: SHB Jun Tsuda 0-0: Ball
1-0: Foul Ball, location: 2F
1-1: Ball
2-1: Foul Ball, location: 2F
2-2: SINGLE (Line Drive, 89S, EV 103.8 MPH)
Batting: SHB Moe Lester 0-0: Called Strike
Jun Tsuda steals 2nd base
0-1: Fly out, F8 (Flyball, 8LXD, EV 88.8 MPH)
Runner from 2nd tags up, SAFE at 3rd, no throw by CF
Batting: LHB Cody Schumacher 0-0: Ball
1-0: Fly out, F8 (Flyball, 8RM, EV 85.6 MPH)
Top of the 9th over - 0 runs, 1 hit, 0 errors, 1 left on base; Texas 11 - California 4
BOTTOM OF THE 9TH
California Angels batting - Pitching for Texas Rangers : RHP Hector Aguado
Batting: RHB Jasper Burd 0-0: Foul Ball, location: 2F
0-1: Fly out, F9 (Line Drive, 9, EV 97.5 MPH)
Batting: RHB Mike Harkins 0-0: Ground out 6-3 (Groundball, 6, EV 91.9 MPH)
Batting: RHB Danny Odom 0-0: Foul Ball, location: 2F
0-1: Ball
1-1: Ball
2-1: SOLO HOME RUN (Flyball, 7LD, EV 96.9 MPH), Distance : 383 ft
Batting: LHB Jack Bell 0-0: Ground out 1-3 (Groundball, 25, EV 70.0 MPH)
Bottom of the 9th over - 1 run, 1 hit, 0 errors, 0 left on base; Texas 11 - California 5
Tuesday, September 13th , 2022 - OOTP Baseball 23.7 Build 88